 Dungeon Crawl Stone Soup version 0.16-a0-3940-gf8a207b (webtiles) character file.

40 Arvee the Sneak (level 3, -1/18 HPs)
             Began as a Spriggan Assassin on Feb 7, 2015.
             Slain by a hobgoblin (5 damage)
             ... led by Robin
             ... on level 2 of the Dungeon.
             The game lasted 00:02:21 (729 turns).

Arvee the Sneak (Spriggan Assassin)                  Turns: 729, Time: 00:02:22

Health: -1/18      AC:  8    Str:  7    XL:     3   Next: 30%
Magic:  6/6        EV: 18    Int: 12    God:
Gold:   63         SH:  0    Dex: 18    Spells: 0 memorised, 2 levels left

rFire  . . .     SeeInvis +     q - +1 dagger (protect)
rCold  . . .     Clarity  .     c - +0 robe
rNeg   . . .     SustAb   .     (shield restricted)
rPois  .         Gourm    .     (helmet restricted)
rElec  .         Spirit   .     d - +0 cloak
rCorr  .         Warding  .     (gloves unavailable)
rMut   .         Stasis   .     (boots unavailable)
MR     .....                    (no amulet)
Stlth  ++++......               (no ring)
                                (no ring)

@: very quick, not resistant to hostile enchantments, stealthy
A: unfitting armour, see invisible, herbivore 3, speed 3, slow metabolism 2
a: no special abilities


You were on level 2 of the Dungeon.
You were not hungry.

You visited 1 branch of the dungeon, and saw 2 of its levels.

You collected 63 gold pieces.

Inventory:

Hand weapons
 a - a +2 dagger
 b - a +0 blowgun
 q - a +1 dagger of protection (weapon)
Missiles
 e - 22 poisoned needles
 f - 2 curare-tipped needles
Armour
 c - a +0 robe (worn)
 d - a +0 cloak (worn)
Jewellery
 r - a +3 ring of strength {unknown}
Scrolls
 i - a scroll of magic mapping {unknown}
 k - a scroll of teleportation {unknown}
 l - a scroll of blinking {unknown}
 n - a scroll of remove curse {unknown}
 o - a scroll of identify {unknown}
Potions
 h - a potion of ambrosia {unknown}
 m - a potion of mutation {unknown}
 p - a potion of magic {unknown}
Comestibles
 g - a bread ration
 j - a royal jelly


   Skills:
 + Level 2.1 Fighting
 + Level 2.5 Short Blades
 + Level 2.8 Throwing
 + Level 2.3 Dodging
 + Level 6.1 Stealth


You had 2 spell levels left.
You didn't know any spells.

Dungeon Overview and Level Annotations

Branches:
Dungeon (2/15)

Altars:
Ashenzari

Annotations:
D:2 Robin


Innate Abilities, Weirdness & Mutations

You are tiny and cannot use many weapons and most armour.
You have supernaturally acute eyesight.
You are a herbivore.
You cover ground extremely quickly.
You need consume almost no food.


Message History

The worm is severely wounded.
The worm bites you.
* * * LOW HITPOINT WARNING * * *
You are too injured to fight recklessly!
You see here the goblin corpse of Ijyb.
The giant newt is too close now for your liking.
Found a shiny moonstone ring.
Found a stone staircase leading up.
Found a mace.
A hobgoblin comes into view.
Found a scroll labeled MEWEPO MOCEAQ.
The hobgoblin shouts!
A goblin comes into view.
Robin of the Strong Arm comes into view.
She is wielding a club.
A goblin comes into view.
A goblin comes into view. It is wielding a club.
You see here a shiny moonstone ring.
r - a shiny moonstone ring The hobgoblin hits you.
You die...

....#..
#...............#
#. #.#.##.#
#........>†.###.#
#. #.#.# .#
#...........# >#
#. ..# .
#......l...## .#
#. ###........##
.. #. #
#...........# #.
#.
#..#..........>#
#.##.
gggg?...........#
#.##.
#.g@.......#
#....
#...).........#
##..#
#..##<........#
#(.# #.
##........# #..#
#######..## #..#
#...# #..# ##..#
#... #..## #.##
#...# #.#


You could see Robin (wandering), a hobgoblin, 3 goblins and a giant newt.

Vanquished Creatures
  Ijyb (D:2)
  An ooze (D:1)
  2 bats
  4 goblins
  A hobgoblin (D:1)
  5 giant cockroaches
  A giant newt (D:1)
  2 kobolds (D:1)
  4 rats
21 creatures vanquished.

Notes
Turn   | Place    | Note
--------------------------------------------------------------
     0 | D:1      | Arvee, the Spriggan Assassin, began the quest for the Orb.
     0 | D:1      | Reached XP level 1. HP: 10/10 MP: 2/2
    77 | D:1      | Reached skill level 6 in Stealth
   155 | D:1      | Reached XP level 2. HP: 12/15 MP: 4/4
   626 | D:2      | Noticed Ijyb
   633 | D:2      | Killed Ijyb
   633 | D:2      | Reached XP level 3. HP: 14/18 MP: 6/6
   668 | D:2      | Found a shattered altar of Ashenzari.
   727 | D:2      | Noticed Robin
   729 | D:2      | Slain by a hobgoblin

Action                   || total
-------------------------++-------
Melee: Dagger            ||    89
 Stab: Sleeping          ||     5
